 Dungeon Crawl Stone Soup version 0.23.0 (webtiles) character file.

Game seed: 13951699628665445591

4741 redwoodhats the Stinger (level 10, -9/71 HPs)
             Began as a Merfolk Venom Mage on Feb 7, 2019.
             Was a Believer of Fedhas.
             Mangled by a komodo dragon (11 damage)
             ... on level 1 of the Lair of Beasts on Feb 10, 2019.
             The game lasted 01:30:59 (12634 turns).

redwoodhats the Stinger (Merfolk Venom Mage)       Turns: 12634, Time: 01:31:00

Health: -9/71      AC: 11    Str:  9    XL:     10   Next: 46%
Magic:  11/19      EV: 19    Int: 24    God:    Fedhas [**....]
Gold:   194        SH:  0    Dex: 19    Spells: 6/21 levels left

rFire    . . .     SeeInvis .   B - +3 quarterstaff (protect)
rCold    . . .     Gourm    .   (shield currently unavailable)
rNeg     . . .     Faith    .   f - +2 ring mail {MR+}
rPois    .         Spirit   .   v - +0 helmet
rElec    .         Reflect  .   e - +0 cloak
rCorr    .         Harm     .   q - +0 pair of gloves
MR       .....                  (no boots)
Stlth    +++.......             h - amulet of rage
HPRegen  0.21/turn              N - ring of wizardry
MPRegen  0.16/turn              H - +6 ring of intelligence

@: agile, vulnerable
A: change form in water, swift swim, stealthy swim
a: Fungal Bloom, Sunlight, Evolution, Renounce Religion, Evoke Berserk Rage


You were on level 1 of the Lair of Beasts.
You worshipped Fedhas.
Fedhas was pleased with you.
You were full.

You visited 2 branches of the dungeon, and saw 9 of its levels.

You collected 644 gold pieces.
You spent 450 gold pieces at shops.

Inventory:

Hand Weapons
 b - a +1 whip of draining
 k - a +2 falchion of slicing
 p - a +1 falchion of holy wrath
 u - a +1 vampiric dagger
 z - a +5 dagger
 A - a cursed -1 short sword
 B - a +3 quarterstaff of protection (weapon)
 J - a +0 shortbow
 L - a +2 whip of flaming
Missiles
 K - 48 arrows
 O - 7 javelins (quivered)
Armour
 a - a +0 robe
 e - a +0 cloak (worn)
 f - a +2 ring mail of magic resistance (worn)
 l - a +0 robe
 m - a +0 pair of gloves
 q - a +0 pair of gloves (worn)
 v - a +0 helmet (worn)
Jewellery
 g - a cursed -5 ring of strength
 h - an amulet of rage (around neck)
 w - an uncursed ring of poison resistance
 D - a +5 ring of strength
 H - a +6 ring of intelligence (right hand)
 I - an uncursed amulet of the gourmand
 N - a ring of wizardry (left hand)
Wands
 j - a wand of polymorph (7)
 o - a wand of random effects (27)
 C - a wand of scattershot (10)
 E - a wand of flame (11)
 F - a wand of iceblast (9)
Scrolls
 d - a scroll of magic mapping
 r - 4 scrolls of remove curse
 x - 5 scrolls of identify
 y - 3 scrolls of amnesia
 G - a scroll of immolation
Potions
 t - a potion of curing
 M - a potion of degeneration
Comestibles
 c - 4 rations


   Skills:
 + Level 4.0 Fighting
 + Level 2.0(3.5) Short Blades
 + Level 4.1(4.3) Long Blades
 + Level 1.2(2.3) Maces & Flails
 + Level 3.1(3.3) Staves
 + Level 4.3 Armour
 + Level 6.1 Dodging
 + Level 3.6 Stealth
 + Level 6.0 Spellcasting
 + Level 4.7 Conjurations
 + Level 1.1 Summonings
 + Level 0.5 Air Magic
 + Level 7.3 Poison Magic


You had 6 spell levels left.
You knew the following spells:

 Your Spells              Type           Power        Failure   Level  Hunger
a - Sting                 Conj/Pois      ####         1%          1    None
b - Mephitic Cloud        Conj/Pois/Air  ####....     4%          3    #......
c - Olgreb's Toxic Radia  Pois           #####...     4%          4    ###....
d - Searing Ray           Conj           ####..       1%          2    None
e - Iskenderun's Mystic   Conj           ####....     12%         4    ###....
f - Summon Small Mammal   Summ           ##..         4%          1    None

Your spell library contained the following spells:

 Spells                   Type           Power        Failure   Level  Hunger
 Magic Dart               Conj           ####         1%          1    None
 Poisonous Vapours        Pois/Air       ####..       2%          2    None
 Animate Skeleton         Necr           N/A          9%          1    None
 Apportation              Tloc           #.....       9%          1    None
 Confusing Touch          Hex            #.....       9%          1    None
 Dazzling Spray           Conj/Hex       ###...       9%          3    #......
 Venom Bolt               Conj/Pois      #####.....   19%         5    #####..
 Force Lance              Conj/Tloc      ###.....     28%         4    ###....
 Fulminant Prism          Conj/Hex       ###.......   28%         4    ###....


Dungeon Overview and Level Annotations

Branches:
Dungeon (8/15)             Temple (0/1) D:4            Lair (1/6) D:8

Altars:
Cheibriados
Elyvilon
Fedhas
Kikubaaqudgha
Makhleb
Xom
Zin

Shops:
D:8 *=

Annotations:
Lair:1 Wuochyse's ghost, journeyman DEWz


Message History

You feel sick. The komodo dragon closely misses you. The bullfrog misses you.
There is a transporter here.
You enter the transporter and appear at another place.
The bullfrog closely misses you. The komodo dragon bites you.
* * * LOW HITPOINT WARNING * * *
The bullfrog misses you. The bullfrog closely misses you.
* * * LOW HITPOINT WARNING * * *
You feel sick.
The bullfrog hits you but does no damage.
Wuochyse's ghost's fingertips begin to glow.
The bullfrog hits you but does no damage.
The bullfrog completely misses you.
* * * LOW HITPOINT WARNING * * *
You feel sick.
You are no longer poisoned.
The bullfrog completely misses you.
You eat one of the 5 rations.
That ration really hit the spot!
The bullfrog closely misses you. The komodo dragon bites you!
You die...
Fedhas appreciates your contribution to the ecosystem.

##...# #..# ##..# ## #..##
#..########P..# #P ###..#
#.............# ## ##.P..#
##.............# ## ......#
#..............# #P ......#
##.........(...## ## #.##..#
##..............###. ####..#
#................... #..##
######.@................
###...###P##.#lF...........P##P#
##...........#...####.####..#####
#..#########..#..# ### #..# #
#.##.......##.#..## ####..# #
..#8..#.#%58#....P#####.##..# #
..#..#...#.W#............<..# #
..#........$#...............# #
.©#....©...=#©...##..####...# ##


You could see a komodo dragon, a bullfrog, Wuochyse's ghost and a crimson imp.

Vanquished Creatures
  Pikel (D:7)
  A spiny frog (Lair:1)
  Grinder (D:5)
  2 hippogriffs
  Sigmund (D:3)
  A spriggan (D:7)
  A water moccasin (Lair:1)
  Duvessa (D:7)
  2 porcupines
  An orc warrior (D:8)
  An ice beast (D:5)
  4 slaves (D:7)
  A phantom (D:7)
  2 ogres
  A wolf (Lair:1)
  A centaur (D:7)
  A crocodile (Lair:1)
  9 bullfrogs
  A water moccasin zombie (D:7)
  Dowan (D:7)
  A scorpion (D:7)
  3 killer bees (D:8)
  4 wights (D:6)
  2 howler monkeys
  A bullfrog zombie (D:5)
  A crimson imp (D:5)
  5 orc priests
  2 hounds
  5 orc wizards
  2 centaur skeletons
  Terence (D:2)
  An iguana (D:8)
  5 worker ants
  A hell rat (D:8)
  2 worker ant zombies (D:6)
  4 gnolls (D:5)
  9 adders
  A shadow imp (D:5)
  2 oozes
  2 adder zombies (D:5)
  3 adder skeletons
  A worm (D:4)
  A dart slug (D:5)
  7 leopard geckos
  24 orcs
  3 giant cockroaches
  6 goblins
  10 hobgoblins
  8 jackals
  5 quokkas
  10 bats
  4 frilled lizards
  A jackal skeleton (D:8)
  6 kobolds
  A quokka zombie (D:5)
  11 rats
189 creatures vanquished.

Vanquished Creatures (collateral kills)
  A hungry ghost (D:8)
1 creature vanquished.

Vanquished Creatures (others)
  87 toadstools
87 creatures vanquished.

Grand Total: 277 creatures vanquished

Notes
Turn   | Place    | Note
-------+----------+-------------------------------------------
     0 | D:1      | redwoodhats the Merfolk Venom Mage began the quest for the
                  | Orb.
     0 | D:1      | Reached XP level 1. HP: 13/13 MP: 3/3
   158 | D:1      | Reached XP level 2. HP: 10/19 MP: 0/5
   752 | D:1      | Reached XP level 3. HP: 22/24 MP: 4/6
   757 | D:1      | Learned a level 3 spell: Mephitic Cloud
   860 | D:1      | Reached skill level 4 in Poison Magic
   988 | D:2      | Found a blossoming altar of Fedhas.
  1004 | D:2      | Reached skill level 1 in Conjurations
  1057 | D:2      | Reached XP level 4. HP: 22/30 MP: 0/7
  1188 | D:2      | Noticed Terence
  1238 | D:2      | Killed Terence
  1694 | D:2      | Reached XP level 5. HP: 28/36 MP: 6/9
  2013 | D:3      | Reached skill level 1 in Fighting
  2013 | D:3      | Reached skill level 1 in Maces & Flails
  2269 | D:3      | Reached XP level 6. HP: 42/43 MP: 8/10
  2417 | D:3      | Noticed Sigmund
  2521 | D:2      | Learned a level 4 spell: Olgreb's Toxic Radiance
  2566 | D:2      | Became a worshipper of Fedhas Madash
  2719 | D:3      | Killed Sigmund
  2719 | D:3      | Reached skill level 1 in Long Blades
  2925 | D:3      | Found an ancient bone altar of Kikubaaqudgha.
  2930 | D:3      | Found a white marble altar of Elyvilon.
  2935 | D:3      | Found a burning altar of Makhleb.
  3021 | D:3      | You fall through a shaft!
  3030 | D:4      | Reached XP level 7. HP: 38/48 MP: 9/12
  3202 | D:4      | Found a staircase to the Ecumenical Temple.
  3830 | D:5      | Entered Level 5 of the Dungeon
  4449 | D:4      | Learned a level 2 spell: Searing Ray
  5172 | D:5      | Reached skill level 1 in Armour
  5172 | D:5      | Reached skill level 5 in Poison Magic
  5264 | D:5      | Found a snail-covered altar of Cheibriados.
  5272 | D:5      | Noticed Grinder
  5333 | D:5      | Killed Grinder
  5333 | D:5      | Reached XP level 8. HP: 41/57 MP: 2/14
  6933 | D:6      | Reached skill level 1 in Short Blades
  7146 | D:6      | Reached skill level 5 in Dodging
  7400 | D:6      | Upgraded the game from 0.23-b1-70-gd12f7cf to 0.23.0
  7494 | D:7      | Reached XP level 9. HP: 30/64 MP: 5/15
  8765 | D:7      | Noticed Duvessa
  8765 | D:7      | Noticed Dowan
  8780 | D:7      | Killed Dowan
  8789 | D:7      | Killed Duvessa
  8893 | D:7      | Reached skill level 1 in Staves
  9127 | D:7      | Noticed Pikel
  9149 | D:7      | Killed Pikel
  9149 | D:7      | Reached skill level 5 in Spellcasting
  9149 | D:7      | Reached skill level 6 in Poison Magic
  9166 | D:7      | Found a shimmering altar of Xom.
  9170 | D:7      | Noticed an angel
  9176 | D:7      | Found a glowing silver altar of Zin.
  9493 | D:7      | Reached * piety under Fedhas
  9748 | D:8      | Noticed a death yak
  9749 | D:8      | Noticed a death yak
 10211 | D:8      | Reached XP level 10. HP: 67/71 MP: 3/18
 10222 | D:8      | Found a staircase to the Lair.
 10354 | D:8      | Reached ** piety under Fedhas
 10551 | D:8      | Found Kineuck's General Store.
 10556 | D:8      | Bought an uncursed ring of wizardry for 450 gold pieces
 10581 | D:8      | Learned a level 4 spell: Iskenderun's Mystic Blast
 10583 | D:8      | Learned a level 1 spell: Summon Small Mammal
 10597 | D:8      | Reached skill level 7 in Poison Magic
 10860 | D:8      | Noticed a death yak
 11355 | D:8      | HP: 3/71 [death yak (12)]
 11572 | D:8      | Found Reaclis's Jewellery Emporium.
 11667 | Lair:1   | Entered Level 1 of the Lair of Beasts
 11675 | Lair:1   | Found a transporter.
 12046 | Lair:1   | Noticed Wuochyse's ghost (journeyman DEWz)
 12059 | Lair:1   | Found a transporter.
 12298 | Lair:1   | Reached skill level 1 in Summonings
 12449 | Lair:1   | Noticed a spiny frog
 12466 | Lair:1   | Killed a spiny frog
 12609 | Lair:1   | Identified a scroll of acquirement
 12618 | Lair:1   | HP: 3/71 [bullfrog (1)]
 12624 | Lair:1   | HP: 2/71 [poisoned by Wuochyse's ghost]
 12632 | Lair:1   | HP: 1/71 [poisoned by Wuochyse's ghost]
 12634 | Lair:1   | Mangled by a komodo dragon

Skill      XL: |  1  2  3  4  5  6  7  8  9 10 |
---------------+-------------------------------+-----
Dodging        | 3 4 5 6 |  6.1
Poison Magic   | 4 5 6 7 |  7.3
Conjurations   | 1 2 3 4 |  4.7
Spellcasting   | 3 4 5 6 |  6.0
Fighting       | 1 2 3 4 |  4.0
Maces & Flails | 1 |  1.2
Long Blades    | 1 3 4 |  4.1
Stealth        | 3 |  3.6
Armour         | 1 2 3 4 |  4.3
Short Blades   | 1 2 |  2.0
Staves         | 3 |  3.1
Summonings     | 1 |  1.1
Air Magic      | |  0.5

Action                   |  1- 3 |  4- 6 |  7- 9 | 10-12 || total
-------------------------+-------+-------+-------+-------++-------
Melee: Unarmed           |     6 |       |       |       ||     6
       Whip              |    64 |    26 |       |       ||    90
       Falchion          |       |    51 |   127 |    10 ||   188
       Dagger            |       |       |    97 |       ||    97
       Quarterstaff      |       |       |    96 |    25 ||   121
 Cast: Sting             |    44 |    49 |   152 |    89 ||   334
       Olgreb's Toxic Ra |       |     1 |     8 |     3 ||    12
       Mephitic Cloud    |       |     1 |     5 |     2 ||     8
       Searing Ray       |       |       |    11 |       ||    11
       Summon Small Mamm |       |       |       |    12 ||    12
       Iskenderun's Myst |       |       |       |     9 ||     9
Invok: Fungal Bloom      |       |     1 |    19 |    10 ||    30
       Sunlight          |       |       |       |     2 ||     2
       Evolution         |       |       |       |     1 ||     1
  Use: Potion            |     2 |     7 |     5 |    11 ||    25
       Scroll            |       |     5 |    10 |     5 ||    20
 Stab: Sleeping          |       |     1 |       |       ||     1
  Eat: Ration            |     2 |     1 |     7 |     4 ||    14
Armor: Robe              |    37 |    17 |       |       ||    54
       Ring mail         |       |     1 |   166 |    68 ||   235
Dodge: Dodged            |    94 |    77 |   258 |   107 ||   536
       Rpst.: Falchion   |       |    12 |    30 |     2 ||    44
